 Dungeon Crawl Stone Soup version 0.19-a0-1185-gacb3972 (webtiles) character file.

80 George the Skirmisher (level 4, 0/36 HPs)
             Began as a Mummy Fighter on Aug 18, 2016.
             Slain by Sigmund
             ... wielding a +0 scythe
              (5 damage)
             ... on level 2 of the Dungeon.
             The game lasted 00:02:11 (1398 turns).

George the Skirmisher (Mummy Fighter)               Turns: 1398, Time: 00:02:12

Health: 0/36       AC: 15    Str: 20    XL:     4   Next: 18%
Magic:  4/4        EV:  3    Int:  7    God:
Gold:   102        SH:  9    Dex: 11    Spells: 0 memorised, 3 levels left

rFire  x . .     SeeInvis .     a - +0 long sword
rCold  + . .     Gourm    .     j - +0 plate armour
rNeg   + + +     Faith    .     c - +0 shield
rPois  ∞         Spirit   .     (no helmet)
rElec  .         Dismiss  .     h - +1 cloak
rCorr  .         Reflect  .     g - +0 pair of gloves (curse)
MR     .....     Harm     .     f - +0 pair of boots
Stlth  ..........               (no amulet)
                                (no ring)
                                d - ring of loudness (curse)

@: no status effects
A: no food or potions, fire vulnerability, cold resistance 1, negative energy
resistance 3, torment resistance, unbreathing
a: no special abilities


You were on level 2 of the Dungeon.
You were not hungry.

You visited 1 branch of the dungeon, and saw 2 of its levels.

You collected 102 gold pieces.

Inventory:

Hand Weapons
 a - a +0 long sword (weapon)
Armour
 c - a +0 shield (worn)
 f - a +0 pair of boots (worn)
 g - a cursed +0 pair of gloves (worn)
 h - a +1 cloak (worn)
 j - a +0 plate armour (worn)
Jewellery
 d - a cursed ring of loudness (left hand)
Scrolls
 e - 2 scrolls of identify {unknown}
 i - a scroll of amnesia {unknown}
 k - 2 scrolls of teleportation {unknown}


   Skills:
 + Level 3.6 Fighting
 + Level 2.2 Long Blades
 + Level 2.8 Armour
 + Level 3.1 Shields


You had 3 spell levels left.
You didn't know any spells.

Dungeon Overview and Level Annotations

Branches:
Dungeon (2/15)

Altars:
Elyvilon
Trog

Annotations:
D:2 Sigmund


Innate Abilities, Weirdness & Mutations

You do not eat or drink.
Your flesh is vulnerable to fire.
You are immune to poison.
Your flesh is cold resistant. (rC+)
You are immune to negative energy. (rN+++)
You are immune to unholy pain and torment.
You can survive without breathing.


Message History

You hit something. Something hits you but does no damage.
You miss something. Something hits you but does no damage.
You closely miss something. You block something's attack.
You hit something. Something hits you but does no damage.
You closely miss something.
You hear some strange, mumbled words.
Something tries to affect you, but you resist.
You hit something. Something hits you.
You closely miss something. Something hits you.
You miss something. Something hits you but does no damage.
You closely miss something. Something hits you.
Your plate armour prevents you from hitting something.
Something hits you.
You hit something but do no damage.
You hear some strange, mumbled words.
A puff of flame appears from out of thin air!
The puff of flame hits you! The fire burns you terribly!
* * * LOW HITPOINT WARNING * * *
You miss something. Something hits you.
You die...

##.....##.....
##.............
#..............
#.)............
#..............
####..............
#.................
#.##..#######.....
#@##### #..... #{#
#...). #.. #.....
#### ##.#.. ##.#..
###..... #.......
#....... #.......


There were no monsters in sight!

Vanquished Creatures
  2 adders
  2 worms (D:2)
  2 dart slugs (D:1)
  A giant gecko (D:1)
  3 bats
  3 giant cockroaches (D:1)
  6 goblins
  8 hobgoblins
  8 jackals
  6 kobolds
  2 giant newts
  4 rats
47 creatures vanquished.

Notes
Turn   | Place    | Note
-------+----------+-------------------------------------------
     0 | D:1      | George the Mummy Fighter began the quest for the Orb.
     0 | D:1      | Reached XP level 1. HP: 18/18 MP: 1/1
   135 | D:1      | Reached XP level 2. HP: 24/24 MP: 2/2
   371 | D:1      | Reached XP level 3. HP: 29/29 MP: 3/3
  1027 | D:2      | Reached XP level 4. HP: 35/35 MP: 4/4
  1281 | D:2      | Found a white marble altar of Elyvilon.
  1293 | D:2      | Found a bloodstained altar of Trog.
  1380 | D:2      | Noticed Sigmund
  1398 | D:2      | Slain by Sigmund

Vault maps used:
D:1:      nagdon_arrival_zigzag_paths
D:2:      minitemple, first_bread, nicolae_ru_the_path_less_chosen, uniq_sigmund

Skill      XL: |  1  2  3 |
---------------+----------+-----
Long Blades    | 2 |  2.2
Shields        | 3 |  3.1
Fighting       | |  3.6
Armour         | |  2.8

Action                   |  1- 3 |  4- 6 || total
-------------------------+-------+-------++-------
Melee: Long sword        |   164 |    72 ||   236
Armor: Scale mail        |    15 |       ||    15
       Plate armour      |   105 |    35 ||   140
Dodge: Dodged            |    29 |     5 ||    34
Block: Shield            |    87 |    23 ||   110
